 Dungeon Crawl Stone Soup version 0.19.0-2-gae57169 (webtiles) character file.

151831 lorenzova the Imperceptible (level 17, -4/70 HPs)
             Began as a Spriggan Enchanter on Nov 4, 2016.
             Was the Champion of Dithmenos.
             Slain by a death yak (10 damage)
             ... led by Polyphemus
             ... on level 2 of the Shoals.
             The game lasted 02:42:55 (41638 turns).

lorenzova the Imperceptible (Spriggan Enchanter)   Turns: 41638, Time: 02:42:55

Health: -4/70      AC: 10    Str: 10    XL:     17   Next: 1%
Magic:  37/37      EV:  4    Int: 22    God:    Dithmenos [******]
Gold:   2181       SH:  0    Dex: 24    Spells: 7 memorised, 30 levels left

rFire  . . .     SeeInvis +     a - +2 dagger (elec)
rCold  + + .     Gourm    .     w - +1 troll leather armour {Purgy}
rNeg   + + +     Faith    .     Y - +2 buckler
rPois  ∞         Spirit   .     z - +3 crown of Dyrovepreva {rElec Int+2 SInv}
rElec  +         Reflect  +     U - +1 cloak {rC+}
rCorr  .         Harm     .     (gloves unavailable)
MR     ++...                    (boots unavailable)
Stlth  ++++++++++               s - +2 amulet of reflection
                                v - +3 ring of strength
                                N - +3 ring of dexterity

@: petrified, very slightly contaminated, wreathed by umbra, invisible, very
quick
A: unfitting armour, see invisible, clever 1, cold resistance 1, herbivore 3,
speed 3, slow metabolism 2, strong 1, MP-powered wands
a: Shadow Step, Shadow Form, Renounce Religion


You were on level 2 of the Shoals.
You worshipped Dithmenos.
Dithmenos was exalted by your worship.
You were hungry.

You visited 6 branches of the dungeon, and saw 29 of its levels.
You also visited: Sewer and Ice Cave.

You collected 3122 gold pieces.
You spent 941 gold pieces at shops.

Inventory:

Hand Weapons
 a - a +2 dagger of electrocution (weapon)
 Q - a +4 rapier
Armour
 w - a +1 troll leather armour (worn) {Purgy}
 z - the +3 crown of Dyrovepreva (worn) {rElec Int+2 SInv}
   (You bought it in a shop on level 2 of the Snake Pit)

   It affects your intelligence (+2).
   It insulates you from electricity.
   It lets you see invisible.
 U - a +1 cloak of cold resistance (worn)
 Y - a +2 buckler (worn)
Jewellery
 s - a +2 amulet of reflection (around neck)
 v - a +3 ring of strength (right hand)
 N - a +3 ring of dexterity (left hand)
Wands
 g - a wand of disintegration (8/24)
 y - a wand of iceblast (9/15)
 A - a wand of confusion (25/48)
 B - a wand of polymorph (15/24)
 C - a wand of teleportation (4/9)
 K - a wand of iceblast (9/15)
 R - a wand of lightning (6/15)
 Z - a wand of paralysis (8/24)
Scrolls
 e - 4 scrolls of enchant armour
 k - 10 scrolls of teleportation
 l - 3 scrolls of enchant weapon
 t - 7 scrolls of remove curse
 u - 2 scrolls of magic mapping
 x - 3 scrolls of recharging
 D - 2 scrolls of fog
 E - a scroll of identify
 F - 7 scrolls of amnesia
 G - a scroll of summoning
 I - a scroll of torment
 L - 4 scrolls of fear
Potions
 b - a potion of resistance
 c - a potion of lignification
 f - 2 potions of berserk rage
 h - 3 potions of heal wounds
 i - 6 potions of might
 j - 3 potions of brilliance
 m - 3 potions of cure mutation
 n - 4 potions of magic
 o - 15 potions of curing
 p - 3 potions of ambrosia
 r - 4 potions of agility
 H - 4 potions of haste
 J - 3 potions of cancellation
 M - a potion of flight
Books
 O - a book of Power

   Spells                             Type                      Level
   a - Fulminant Prism                Conjuration/Hexes            4
   b - Iskenderun's Mystic Blast      Conjuration                  4
   c - Venom Bolt                     Conjuration/Poison           5
   d - Bolt of Magma                  Conjuration/Fire/Earth       5
   e - Iron Shot                      Conjuration/Earth            6
   f - Orb of Destruction             Conjuration                  7
   g - Spellforged Servitor           Conjuration/Summoning        7
Comestibles
 d - 17 bread rations
 q - 5 fruits


   Skills:
 * Level 8.1 Short Blades
 * Level 19.1 Dodging
 + Level 21.5 Stealth
 - Level 15.8 Spellcasting
 - Level 14.4 Hexes
 - Level 11.0 Charms
 - Level 3.4 Translocations
 - Level 8.6 Ice Magic
 * Level 3.6 Evocations


You had 30 spell levels left.
You knew the following spells:

 Your Spells              Type           Power        Failure   Level  Hunger
a - Apportation           Tloc           ####......   1%          1    None
b - Ensorcelled Hibernat  Hex/Ice        ######       1%          2    None
c - Confuse               Hex            ######..     1%          3    None
d - Cause Fear            Hex            ######....   1%          4    None
e - Gell's Gravitas       Hex/Tloc       ######....   1%          3    None
f - Corona                Hex            ######.      1%          1    None
o - Ozocubu's Armour      Chrm/Ice       ######..     1%          3    None


Dungeon Overview and Level Annotations

Branches:
Dungeon (15/15)            Temple (1/1) D:6            Lair (6/6) D:11
 Shoals (2/4) Lair:4        Snake (3/4) Lair:2        Slime (0/5) Lair:6
    Orc (2/2) D:9             Elf (0/3) Orc:2        Vaults (0/5) D:14
 Depths (0/5) D:15

Altars:
Ashenzari
Cheibriados
Dithmenos
Elyvilon
Fedhas
Gozag
Hepliaklqana
Kikubaaqudgha
Makhleb
Nemelex Xobeh
Okawaru
Qazlal
Ru
Sif Muna
Trog
Uskayaw
Vehumet
Xom
Yredelemnul
Zin
The Shining One
Beogh
Jiyva

Shops:
D:7 [   D:9 *   D:10 (*}   D:11 }   D:12 (   Orc:2 !*:[(   Snake:1 }!
Snake:2 [

Annotations:
D:9 exclusions: ice statue and orange crystal statue
Lair:6 1 runed door
Snake:2 exclusion: 2 ice statues
Orc:2 Saint Roka


Innate Abilities, Weirdness & Mutations

You are very small and have problems with some larger weapons.
You are too small for most types of armour.
You have supernaturally acute eyesight. (SInv)
You are a herbivore.
You cover ground extremely quickly.
You need consume almost no food.
Your mind is acute. (Int +2)
Your flesh is cold resistant. (rC+)
Your muscles are strong. (Str +2)
You expend magic power (3 MP) to strengthen your wands.


Message History

The death yak is almost dead.
Your shadow hits the death yak but does no damage.
The death yak closely misses you. The catoblepas misses you.
You strike the helpless death yak from behind!
You perforate the death yak like a sieve!!!
You kill the death yak!
Dithmenos accepts your kill. The death yak closely misses you.
You have turned to stone.
The catoblepas gores you.
The death yak gores you but does no damage.
The catoblepas gores you! The death yak gores you. The catoblepas gores you!
The death yak gores you! The catoblepas completely misses you.
The death yak gores you!
The death yak bellows!
The catoblepas gores you!!
* * * LOW HITPOINT WARNING * * *
You emit a cloud of dark smoke.
The death yak gores you!!
* * * LOW HITPOINT WARNING * * *
You emit a cloud of dark smoke.
The death yak gores you!!
You die...

≈≈.).≈≈†....>.## ##.≈≈≈≈≈≈≈
≈≈....≈.....### ##.≈≈≈≈≈≈≈≈
..........### #(.≈≈≈≈≈≈≈≈
.........## #......≈≈≈≈
..##.#...#### ##......≈≈≈
..##.##.≈...# ##..##(..≈≈
.....#.≈≈≈.## #§### #..≈≈
........≈...#####Y## #..≈
≈.............§§@Y§#####.≈≈
≈.....###.....§§§Y§§....≈≈≈
≈≈...## #....§§§Y§§....≈≈.
..≈≈.## #####.###.§...≈≈≈≈≈
..≈≈..###.###.###..≈...≈≈.≈
≈......†...≈.....≈≈Y.≈≈≈.≈≈
≈.......≈≈....≈≈≈≈≈..≈≈≈≈≈≈
...#####......≈..≈...≈≈≈≈≈≈
..##
#.........≈.≈....≈..≈≈≈≈≈≈


You could see 3 death yaks and a catoblepas.

Vanquished Creatures
  Rupert (Orc:2)
  Frances (D:13)
  Polyphemus (Shoals:2)
  A frost giant (D:15)
  2 orc warlords
  A stone giant (Orc:1)
  Azrael (D:15)
  Josephine (D:10)
  Snorg (Orc:1)
  A merfolk impaler (Shoals:1)
  An ettin (Orc:2)
  A merfolk javelineer (Shoals:1)
  3 hydras
  An ogre mage (D:14)
  3 naga warriors
  A merfolk avatar (Shoals:1)
  A catoblepas (D:15)
  4 centaur warriors
  Fannar (D:11)
  5 anacondas (Snake:2)
  Erica (D:10)
  7 death yaks
  A death knight (D:15)
  The ghost of Woebin the Cleaver, a novice MiGl of Hepliaklqana (Lair:1)
  3 shock serpents
  A tengu warrior (D:14)
  3 orc high priests
  Urug (Orc:2)
  4 naga sharpshooters
  2 salamander mystics
  Nergalle (D:11)
  8 skeletal warriors (D:13)
  A naga ritualist (Snake:2)
  7 hill giants
  3 sea snakes
  A deep elf archer (D:14)
  2 harpies (Shoals:2)
  6 orc knights
  2 wolf spider zombies (D:15)
  10 mana vipers
  2 oklob plants
  6 ugly things
  4 fauns
  6 cyclopes
  6 sirens
  4 orc sorcerers (Orc:2)
  4 deep elf magi
  8 salamanders
  Maurice (Orc:1)
  12 naga magi
  Joseph (D:7)
  2 centaur zombies
  11 spiny frogs
  20 black mambas
  A torpor snail (Lair:6)
  2 guardian serpents
  2 efreet (D:15)
  2 gargoyles
  A yaktaur (D:15)
  A rime drake (Lair:1)
  4 freezing wraiths (IceCv)
  3 komodo dragons
  A kobold demonologist (D:15)
  An anaconda simulacrum (IceCv)
  2 golden dragon simulacra (IceCv)
  A tengu conjurer (D:14)
  3 meliai (D:10)
  4 ice devils (IceCv)
  7 merfolk
  2 two-headed ogres
  6 trolls
  3 wind drakes
  5 polar bears (Lair:6)
  A wind drake (shapeshifter) (D:14)
  18 dream sheep
  3 hornets
  A meliai zombie (D:12)
  7 slime creatures (D:15)
  14 hippogriffs
  3 snapping turtles
  A vampire (D:14)
  A redback (Lair:6)
  2 water elementals
  2 shadows
  A wyvern (D:9)
  2 dire elephant simulacra (IceCv)
  46 yaks
  13 spriggans
  2 fire elementals (D:15)
  2 basilisks
  A death yak simulacrum (IceCv)
  2 steam dragons
  3 wraiths (D:10)
  7 vampire mosquitoes
  2 hungry ghosts
  Edmund (D:5)
  4 wargs
  2 mottled dragons
  Menkaure (D:6)
  3 harpy simulacra (IceCv)
  18 nagas
  An iron troll simulacrum (IceCv)
  2 soldier ants
  5 hydra simulacra (IceCv)
  3 hell hounds (D:15)
  Purgy (Sewer)
  13 water moccasins
  8 porcupines
  54 orc warriors
  4 sky beasts
  5 phantoms
  2 black bears (Lair:6)
  An eye of draining (D:8)
  9 ice beasts
  2 alligator simulacra (IceCv)
  An ettin simulacrum (IceCv)
  19 ogres
  A necrophage (D:9)
  4 boggarts
  12 crocodiles
  28 wolves
  18 centaurs
  Blork the orc (Orc:1)
  10 big kobolds
  20 bullfrogs
  3 gnoll sergeants
  A hornet simulacrum (D:8)
  50 killer bees
  3 electric eels (D:8)
  4 howler monkeys
  14 wights
  5 crimson imps
  3 jellies
  3 centaur skeletons
  3 draconian simulacra (IceCv)
  33 orc priests
  11 hounds
  34 orc wizards
  A water moccasin simulacrum (D:8)
  4 iguanas
  A bullfrog skeleton (D:11)
  A spriggan simulacrum (IceCv)
  11 worker ants
  4 hell rats (Lair:5)
  5 troll simulacra (IceCv)
  A wolf simulacrum (IceCv)
  3 bullfrog simulacra (D:8)
  A centaur simulacrum (IceCv)
  A hound zombie (D:8)
  A hound skeleton (D:9)
  A worker ant zombie (D:10)
  9 gnolls
  14 adders
  3 ogre simulacra (IceCv)
  A river rat (D:4)
  A hound simulacrum (D:8)
  2 naga simulacra (IceCv)
  6 white imps
  9 ufetubi
  2 adder zombies
  2 adder skeletons
  2 worms (D:3)
  An adder simulacrum (D:8)
  3 dart slugs
  7 leopard geckos
  130 orcs
  A ball python (D:5)
  6 giant cockroaches
  4 goblins
  5 hobgoblins
  9 jackals
  2 quokkas
  7 bats
  6 frilled lizards
  A jackal skeleton (D:6)
  53 kobolds
  A quokka zombie (D:9)
  8 rats
  2 plants
1121 creatures vanquished.

Vanquished Creatures (others)
  An orc knight (Orc:1)
  A white imp (IceCv)
  3 ufetubi (IceCv)
  A fungus (Lair:6)
  11 plants
17 creatures vanquished.

Grand Total: 1138 creatures vanquished

Notes
Turn   | Place    | Note
-------+----------+-------------------------------------------
     0 | D:1      | lorenzova the Spriggan Enchanter began the quest for the Orb.
     0 | D:1      | Reached XP level 1. HP: 9/9 MP: 5/5
   557 | D:1      | Reached XP level 2. HP: 11/13 MP: 7/7
   561 | D:1      | Learned a level 2 spell: Ensorcelled Hibernation
  1414 | D:2      | Reached XP level 3. HP: 13/16 MP: 3/9
  2334 | D:3      | Reached XP level 4. HP: 21/21 MP: 10/10
  2544 | D:3      | Reached skill level 5 in Stealth
  2544 | D:3      | Reached skill level 5 in Hexes
  2984 | D:3      | Reached XP level 5. HP: 24/24 MP: 12/12
  3470 | D:4      | Found a sparkling altar of Nemelex Xobeh.
  3532 | D:4      | Reached skill level 5 in Spellcasting
  3769 | D:4      | Found a glowing drain.
  3793 | D:4      | Reached XP level 6. HP: 14/28 MP: 7/14
  3911 | Sewer    | Entered a sewer
  4043 | Sewer    | Noticed Purgy
  4052 | Sewer    | Killed Purgy
  4062 | Sewer    | Learned a level 3 spell: Confuse
  4232 | D:4      | Found a blossoming altar of Fedhas.
  4232 | D:4      | Found a bloodstained altar of Trog.
  4233 | D:4      | Found a basalt altar of Yredelemnul.
  4498 | D:4      | Reached skill level 6 in Stealth
  5031 | D:5      | Entered Level 5 of the Dungeon
  5047 | D:5      | Noticed an orc warrior
  5323 | D:5      | Noticed Edmund
  5487 | D:5      | Killed Edmund
  5487 | D:5      | Reached XP level 7. HP: 32/32 MP: 11/17
  6329 | D:5      | Reached skill level 7 in Stealth
  6789 | D:5      | Reached XP level 8. HP: 36/36 MP: 15/20
  7276 | D:6      | Noticed Menkaure
  7311 | D:6      | Killed Menkaure
  7352 | D:6      | Reached skill level 8 in Stealth
  7396 | D:6      | Found a white marble altar of Elyvilon.
  7398 | D:6      | Found a glowing golden altar of the Shining One.
  7398 | D:6      | Found an opulent altar of Gozag.
  7402 | D:6      | Found a shattered altar of Ashenzari.
  7663 | D:6      | Found a staircase to the Ecumenical Temple.
  7673 | Temple   | Entered the Ecumenical Temple
  7680 | Temple   | Became a worshipper of Dithmenos the Shadowed
  8228 | D:7      | Found Ebase's Armour Shoppe.
  8303 | D:7      | Reached XP level 9. HP: 39/39 MP: 17/23
  8310 | D:7      | Reached skill level 9 in Stealth
  8329 | D:7      | Reached skill level 10 in Hexes
  8553 | D:7      | Noticed Joseph
  8568 | D:7      | Killed Joseph
  8568 | D:7      | Reached skill level 10 in Spellcasting
  8589 | D:7      | Reached * piety under Dithmenos
  8698 | D:7      | Reached skill level 10 in Stealth
  8936 | D:8      | Reached skill level 5 in Dodging
  8962 | D:8      | Reached skill level 11 in Stealth
  9124 | D:8      | Reached XP level 10. HP: 44/44 MP: 22/25
  9313 | D:8      | Reached ** piety under Dithmenos
  9445 | D:8      | Noticed a death yak
  9480 | D:8      | Killed a death yak
  9480 | D:8      | Reached skill level 12 in Stealth
 10135 | D:8      | Reached skill level 13 in Stealth
 10398 | D:9      | Reached *** piety under Dithmenos
 10882 | D:9      | Found a shattered altar of Ashenzari.
 10899 | D:9      | Reached XP level 11. HP: 37/47 MP: 22/27
 11013 | D:9      | Noticed an orange crystal statue
 11041 | D:9      | Found Maodenaywn's General Store.
 11051 | D:9      | Found a staircase to the Orcish Mines.
 11100 | D:9      | Bought a scroll of teleportation for 30 gold pieces
 11259 | D:10     | Entered Level 10 of the Dungeon
 11259 | D:10     | Found Lifuram's Gadget Shop.
 11259 | D:10     | Noticed Josephine
 11296 | D:10     | Reached **** piety under Dithmenos
 11510 | D:10     | Reached skill level 10 in Dodging
 11763 | D:10     | Found Ziplilos's General Store.
 11773 | D:10     | Reached skill level 14 in Stealth
 11931 | D:10     | Bought a scroll of fear for 42 gold pieces
 11959 | D:10     | Noticed a hill giant
 11982 | D:10     | Killed a hill giant
 12014 | D:10     | Noticed Erica
 12056 | D:10     | Killed Erica
 12336 | D:10     | Found Zeodus's Weapon Emporium.
 12406 | D:11     | Found an opulent altar of Gozag.
 12406 | D:11     | Noticed Fannar
 12407 | D:11     | Found a staircase to the Lair.
 12424 | D:11     | Killed Fannar
 12432 | D:11     | Reached skill level 15 in Stealth
 12520 | D:11     | Noticed Nergalle
 12560 | D:10     | Killed Josephine
 12584 | D:10     | Reached ***** piety under Dithmenos
 12736 | D:11     | Noticed a hill giant
 12739 | D:11     | Killed a hill giant
 12784 | D:11     | Found Hecyn's Gadget Emporium.
 12877 | D:11     | Reached XP level 12. HP: 51/51 MP: 24/29
 13534 | D:11     | Reached skill level 16 in Stealth
 13539 | D:11     | Killed Nergalle
 14201 | Lair:1   | Entered Level 1 of the Lair of Beasts
 14341 | Lair:1   | Got a wavering ivory amulet
 14477 | Lair:1   | Noticed a six-headed hydra
 14495 | Lair:1   | Killed a six-headed hydra
 14653 | Lair:1   | Noticed Woebin's ghost (novice MiGl)
 14661 | Lair:1   | Killed Woebin's ghost
 14991 | Lair:1   | Identified a +0 rod of inaccuracy (13/13) (You found it on level 1 of the Lair of Beasts)
 15003 | Lair:1   | Identified the amulet "Goatoh" {Gourm MR+} (You found it on level 1 of the Lair of Beasts)
 15309 | Lair:2   | Reached skill level 17 in Stealth
 15531 | Lair:2   | Found a staircase to the Snake Pit.
 16045 | Lair:2   | Reached ****** piety under Dithmenos
 16278 | Lair:3   | Reached XP level 13. HP: 55/55 MP: 31/31
 17213 | Lair:4   | Reached skill level 15 in Dodging
 17699 | Lair:4   | Found a staircase to the Shoals.
 18109 | Lair:5   | Reached skill level 18 in Stealth
 19878 | Lair:6   | Entered Level 6 of the Lair of Beasts
 20272 | Lair:6   | Reached skill level 19 in Stealth
 20357 | Lair:6   | Found a runed door.
 20358 | Lair:6   | Noticed an acid blob
 20359 | Lair:6   | Found a viscous altar of Jiyva.
 20359 | Lair:6   | Found a staircase to the Slime Pits.
 20359 | Lair:6   | Noticed an acid blob
 21168 | Lair:6   | Reached XP level 14. HP: 59/59 MP: 28/32
 21599 | Lair:6   | Got a heavily runed platinum ring
 21928 | Lair:1   | Identified the ring "Vikoe" {rF+ Str-2 Slay+2 SInv} (You found it on level 6 of the Lair of Beasts)
 21959 | Lair:1   | Gained mutation: You expend magic power (3 MP) to strengthen your wands. [potion of mutation]
 21959 | Lair:1   | Gained mutation: Your muscles are strong. (Str +2) [potion of mutation]
 21959 | Lair:1   | Gained mutation: Your flesh is cold resistant. (rC+) [potion of mutation]
 21965 | Lair:1   | Learned a level 4 spell: Cause Fear
 21973 | Lair:1   | Learned a level 3 spell: Ozocubu's Armour
 22177 | Orc:1    | Entered Level 1 of the Orcish Mines
 22177 | Orc:1    | Noticed Blork the orc
 22206 | Orc:1    | Killed Blork the orc
 22277 | Orc:1    | Reached skill level 1 in Charms
 22446 | Orc:1    | Noticed Maurice
 23102 | Orc:1    | Reached skill level 1 in Ice Magic
 23123 | Orc:1    | Killed Maurice
 23139 | Orc:1    | Found a roughly hewn altar of Beogh.
 23478 | Orc:2    | Entered Level 2 of the Orcish Mines
 23483 | Orc:2    | Reached skill level 20 in Stealth
 23746 | Orc:2    | Noticed Saint Roka
 24509 | Orc:2    | Noticed Rupert
 24516 | Orc:2    | Noticed Urug
 24745 | Orc:2    | Killed Urug
 25646 | Orc:2    | Found Fuwuli's Distillery.
 25653 | Orc:2    | Found a staircase to the Elven Halls.
 25670 | Orc:2    | Noticed an orc warlord
 25705 | Orc:2    | Killed an orc warlord
 25705 | Orc:2    | Reached skill level 5 in Charms
 25972 | Orc:2    | Bought a potion of lignification for 30 gold pieces
 26015 | Orc:2    | Found a roughly hewn altar of Beogh.
 26136 | Orc:2    | Found Fangik's General Store.
 26292 | Orc:2    | Found Ezamash's Book Boutique.
 26311 | Orc:2    | Found Oheelum's Antique Armour Boutique.
 26327 | Orc:2    | Found Zosovit's Antique Weapon Boutique.
 26489 | Orc:1    | Noticed Snorg
 26491 | Orc:1    | Killed Snorg
 26558 | Orc:1    | Noticed a stone giant
 26653 | Orc:1    | Killed a stone giant
 27049 | Orc:2    | Killed Rupert
 27171 | Orc:1    | Noticed an orc warlord
 27292 | Orc:1    | Killed an orc warlord
 28297 | D:12     | Found Zomacahergh's Weapon Shop.
 28570 | D:12     | Reached XP level 15. HP: 56/63 MP: 34/34
 29159 | D:13     | Noticed Frances
 29162 | D:13     | Killed Frances
 29162 | D:13     | Reached skill level 5 in Ice Magic
 30028 | D:13     | Reached skill level 10 in Charms
 30512 | D:14     | Reached skill level 15 in Spellcasting
 30570 | D:14     | You fall through a shaft!
 30570 | D:15     | Entered Level 15 of the Dungeon
 30842 | D:15     | Found a radiant altar of Vehumet.
 31573 | D:15     | Noticed Azrael
 31583 | D:15     | Killed Azrael
 31663 | D:15     | Noticed a frost giant
 31752 | D:15     | Killed a frost giant
 31756 | D:15     | Found a staircase to the Depths.
 31844 | D:15     | Got a translucent hunting sling
 31845 | D:15     | Identified the +0 hunting sling of Dim Light {flame, rF+ Stlth+} (You found it on level 15 of the Dungeon)
 32047 | D:14     | Found a gate to the Vaults.
 32579 | Snake:1  | Entered Level 1 of the Snake Pit
 32855 | Snake:1  | Reached XP level 16. HP: 67/67 MP: 36/36
 32858 | Snake:1  | Found Elyturph's Gadget Shoppe.
 32866 | Snake:1  | Found Malemodo's Distillery.
 32882 | Snake:1  | Bought a potion of invisibility for 136 gold pieces
 33943 | Snake:1  | Reached skill level 5 in Short Blades
 34025 | Snake:1  | Gained mutation: Your mind is acute. (Int +2) [potion of beneficial mutation]
 34174 | Snake:1  | Learned a level 3 spell: Gell's Gravitas
 34259 | Snake:2  | Found a frozen archway.
 34274 | IceCv    | Entered an ice cave
 34890 | IceCv    | Reached skill level 1 in Translocations
 35152 | IceCv    | Noticed an Ice Fiend
 37170 | Snake:2  | Found Jeptowee's Armour Boutique.
 37177 | Snake:2  | Bought the +3 crown of Dyrovepreva {rElec Int+2 SInv} for 703 gold pieces
 37247 | Snake:2  | Identified a scroll of acquirement
 39035 | Snake:2  | Reached skill level 21 in Stealth
 39257 | Snake:2  | Found a stormy altar of Qazlal.
 39317 | Snake:2  | Learned a level 1 spell: Apportation
 40294 | Shoals:1 | Entered Level 1 of the Shoals
 40317 | Shoals:1 | Reached skill level 1 in Evocations
 41612 | Shoals:2 | Noticed Polyphemus
 41615 | Shoals:2 | Killed Polyphemus
 41615 | Shoals:2 | Reached XP level 17. HP: 70/70 MP: 37/37
 41638 | Shoals:2 | Slain by a death yak

Skill      XL: |  1  2  3  4  5  6  7  8  9 10 11 12 13 14 15 16 |
---------------+-------------------------------------------------+-----
Hexes          | 4 5 6 7 8 9 10 11 12 13 14 | 14.4
Spellcasting   | 3 4 5 6 7 9 10 11 12 13 14 15 | 15.8
Stealth        | 5 6 7 8 11 13 15 17 19 20 21 | 21.5
Dodging        | 6 9 12 14 16 17 19 | 19.1
Charms         | 8 11 | 11.0
Ice Magic      | 4 8 |  8.6
Short Blades   | 4 8 |  8.1
Translocations | 3 |  3.4
Evocations     | 3 |  3.6

Action                   |  1- 3 |  4- 6 |  7- 9 | 10-12 | 13-15 | 16-18 || total
-------------------------+-------+-------+-------+-------+-------+-------++-------
Melee: Dagger            |   108 |   233 |   346 |   626 |  1053 |   419 ||  2785
 Cast: Ensorcelled Hiber |     6 |    28 |    58 |   164 |   320 |    38 ||   614
       Confuse           |       |     5 |    35 |   110 |   290 |   155 ||   595
       Corona            |       |       |       |       |     1 |       ||     1
       Ozocubu's Armour  |       |       |       |       |    13 |     1 ||    14
       Apportation       |       |       |       |       |       |     3 ||     3
       Cause Fear        |       |       |       |       |       |     1 ||     1
Evoke: Wand              |       |       |       |       |     5 |     8 ||    13
  Use: Scroll            |       |       |       |    18 |    19 |     7 ||    44
       Potion            |       |       |       |       |     1 |     5 ||     6
 Stab: Sleeping          |    10 |    34 |    46 |   143 |   318 |    81 ||   632
       Distracted        |       |     1 |     2 |       |    10 |     4 ||    17
       Confused          |       |     4 |    27 |    69 |   113 |    74 ||   287
       Invisible         |       |       |       |       |       |     3 ||     3
  Eat: Pizza             |       |     1 |       |     1 |     1 |     1 ||     4
       Bread ration      |       |       |     1 |     1 |     1 |     1 ||     4
       Fruit             |       |       |       |       |     9 |       ||     9
Armor: Robe              |    16 |    20 |     2 |       |       |     2 ||    40
       Troll leather arm |       |       |    18 |    34 |    47 |    17 ||   116
Dodge: Dodged            |    77 |   138 |   201 |   601 |   833 |   251 ||  2101
Block: Other             |       |     9 |    16 |    31 |    18 |       ||    74
       Reflection        |       |     1 |       |     2 |    22 |     5 ||    30
       Buckler           |       |       |       |       |   316 |   117 ||   433
